 Dungeon Crawl Stone Soup version 0.28.0-53-g5a82cb258f (webtiles) character file.

Game seed: 13636767446981739205

10536 MalarOregon the Cleaver (level 11, -3/84 HPs)
             Began as a Palentonga Fighter on June 14, 2022.
             Was a Priest of the Shining One.
             Slain by an eight-headed hydra (8 damage)
             ... on level 2 of the Lair of Beasts.
             The game lasted 00:24:14 (13402 turns).

MalarOregon the Cleaver (Palentonga Fighter)       Turns: 13402, Time: 00:24:15

Health: -3/84      AC: 18    Str: 25    XL:     11   Next: 37%
Magic:  0/18       EV:  9    Int: 13    God:    the Shining One [***...]
Gold:   1749       SH: 14    Dex: 10    Spells: 20/20 levels left

rFire   . . .      SeeInvis +   b - +1 morningstar (freeze)
rCold   . . .      Faith    .   h - +0 kite shield
rNeg    + . .      Spirit   +   O - +3 leather armour {Will+}
rPois   +          Reflect  .   t - +1 helmet
rElec   .          Harm     .   g - scarf {repulsion}
rCorr   .          Rampage  .   u - +0 pair of gloves
Will    +....                   (no barding)
Stlth   +.........              c - amulet of guardian spirit
HPRegen 0.24/turn               j - +6 ring of strength
MPRegen 0.16/turn               q - ring of poison resistance

@: divinely shielded, glowing, repel missiles, curled up
A: large, rugged brown scales 3, see invisible, deformed body, roll 1, armoured
tail, reflexive curl
a: Rolling Charge, Renounce Religion, Divine Shield, Cleansing Flame


You were on level 2 of the Lair of Beasts.
You worshipped the Shining One.
The Shining One was most pleased with you.
You visited 3 branches of the dungeon, and saw 12 of its levels.

You collected 1749 gold pieces.


Innate Abilities, Weirdness & Mutations

You are completely covered in rugged brown scales. (AC +3, +7% HP)
You have supernaturally acute eyesight. (SInv)
Armour fits poorly on your strangely shaped body.
You can roll at nearby foes to attack.
You have a long armoured tail.
You curl defensively after being hit. (AC +7*)


   Skills:
 - Level 5.0 Fighting
 * Level 12.2(12.8) Axes
 - Level 6.4(10.1) Maces & Flails
 - Level 5.0 Armour
 - Level 5.0 Dodging
 - Level 5.0 Shields
 - Level 5.0 Spellcasting


You had 20 spell levels left.
You didn't know any spells.
Your spell library contained the following spells:

 Spells                   Type           Power      Damage    Failure   Level
 Animate Skeleton         Necr           6%         N/A       43%         1
 Apportation              Tloc           6%         N/A       43%         1
 Pain                     Necr           12%        1d4       43%         1
 Summon Small Mammal      Summ           12%        N/A       43%         1
 Vampiric Draining        Necr           3%         2d6       80%         3
 Summon Lightning Spire   Summ/Air       3%         N/A       99%         4
 Freezing Cloud           Conj/Ice/Air   1%         6-21      100%        5
 Simulacrum               Ice/Necr       1%         N/A       100%        6
 Storm Form               Tmut/Air       1%         N/A       100%        7
 Maxwell's Capacitive Co  Air            1%         ∞         100%        8
 Polar Vortex             Ice            1%         N/A       100%        9

Inventory:

Hand Weapons
 b - a +1 morningstar of freezing (weapon)
   (You took it off a wight on level 8 of the Dungeon)
 z - a +0 hand axe of electrocution
   (You found it on level 3 of the Dungeon)
 C - a +0 broad axe of protection
   (You found it on level 7 of the Dungeon)
 N - a +2 war axe of freezing
   (You took it off a wight on level 8 of the Dungeon)
Armour
 g - a scarf of repulsion (worn)
   (You found it on level 1 of the Dungeon)
 h - a +0 kite shield (worn)
   (You found it on level 1 of the Dungeon)
 t - a +1 helmet (worn)
   (You found it on level 8 of the Dungeon)
 u - a +0 pair of gloves (worn)
   (You found it on level 5 of the Dungeon)
 O - a +3 leather armour of willpower (worn)
   (You took it off Joseph on level 8 of the Dungeon)
Jewellery
 c - an amulet of guardian spirit (around neck)
   (You found it on level 1 of the Dungeon)
 j - a +6 ring of strength (left hand)
   (You found it on level 2 of the Dungeon)
 o - a ring of willpower
   (You found it on level 3 of the Dungeon)
 q - a ring of poison resistance (right hand)
   (You found it on level 3 of the Dungeon)
 s - a ring of resist corrosion
   (You found it on level 5 of the Dungeon)
 K - a ring of wizardry
   (You found it on level 8 of the Dungeon)
 M - an amulet of reflection
   (You found it on level 8 of the Dungeon)
 P - a ring of willpower
   (You found it on level 8 of the Dungeon)
Wands
 v - a wand of digging (5)
   (You found it on level 1 of the Lair of Beasts)
 y - a wand of polymorph (6)
   (You found it on level 4 of the Dungeon)
Scrolls
 e - a scroll of fear
 f - 2 scrolls of teleportation {@r4}
 k - a scroll of immolation {!r}
 m - 3 scrolls of amnesia
 p - a scroll of vulnerability {!r}
 r - 2 scrolls of noise {!r}
 A - a scroll of holy word
 E - a scroll of acquirement
Potions
 a - 2 potions of invisibility
 d - 5 potions of heal wounds {@q2}
 i - 4 potions of curing {@q1}
 l - a potion of lignification {!q}
 D - a potion of resistance
 F - a potion of mutation {unknown}
 G - a potion of magic
 H - a potion of attraction {!q}
Miscellaneous
 J - a box of beasts (inert)
   (You found it on level 7 of the Dungeon)

Dungeon Overview and Level Annotations

Branches:
Dungeon (9/15)             Temple (1/1) D:5            Lair (2/6) D:9
    Orc (0/2) D:9
  Swamp: Lair:2-4    Shoals: Lair:2-4     Snake: Lair:2-4    Spider: Lair:2-4

Altars:
Cheibriados
Dithmenos
Elyvilon
Fedhas
Gozag
Hepliaklqana
Kikubaaqudgha
Makhleb
Nemelex Xobeh
Okawaru
Qazlal
Sif Muna
Trog
Vehumet
Wu Jian
Xom
Yredelemnul
Zin
The Shining One

Shops:
D:2 :

Portals:
Ice
Cave: Lair:2

#...#.......#..#
#......#...?...#
#............... .
#..#.∩D#.#...##.#
#...............#
##....#.#P...##..#
#.......####.#...#
.......#.>.D#.PP..#
.$#P........@..($.# .
#......†........## ##
#.......††........# ######.
.#.#....†....#.P..####.#P...
..#...#...........##........
P...P.....#P..>...#...≈≈≈.<.
.....>..###.†.##....≈≈≈≈≈≈≈
.........#....##.<..≈≈≈≈≈≈≈
..............##..#.≈≈≈≈≈≈≈


You could see an eight-headed hydra (slow).


Message History

The water moccasin closely misses you. The yak barely misses you.
You slice the water moccasin!!
The water moccasin seems to slow down.
You freeze the water moccasin!
You kill the water moccasin!
You slash the yak! You freeze the yak. The yak barely misses you.
You block the yak's attack.
A cane toad comes into view.
You hit the yak. You freeze the yak. You tail-slap the yak! You slash the yak!
You freeze the yak. The yak completely misses you. The yak gores you.
You slice the yak!! You freeze the yak!
You kill the yak!
You slash the cane toad! You freeze the cane toad. You slash the yak!
You freeze the yak. The cane toad closely misses you. The yak gores you.
You slice the yak!! You freeze the yak.
You kill the yak!
You barely miss the cane toad.
The cane toad stings you but does no damage.
You hit the cane toad.
The cane toad seems to slow down.
You freeze the cane toad.
The cane toad stings you but does no damage.
The cane toad stings you!
You hit the cane toad but do no damage. You tail-slap the cane toad!
You hit the cane toad but do no damage. The cane toad stings you!
The cane toad barely misses you.
You barely miss the cane toad.
You tail-slap the cane toad, but do no damage.
You slash the cane toad! You freeze the cane toad. The cane toad stings you!
The cane toad stings you.
You hit the cane toad.
The cane toad seems to slow down.
You freeze the cane toad. You hit the cane toad but do no damage.
The cane toad barely misses you. The cane toad stings you!
* * * LOW HITPOINT WARNING * * *
Unknown command.
You slash the cane toad! You freeze the cane toad. You tail-slap the cane toad.
You kill the cane toad!
You slash the cane toad! You freeze the cane toad.
You kill the cane toad!
Your Axes skill increases to level 12!
You see here a yak corpse.
Found 19 gold pieces and a scroll of teleportation.
A bullfrog comes into view.
The bullfrog gives a loud, deep croak!
You hear a roar!
There is a frozen archway here.
You slash the bullfrog!
The bullfrog seems to slow down.
You freeze the bullfrog!
You kill the bullfrog!
An eight-headed hydra comes into view.
Okay, then.
Your +2 war axe of freezing stops glowing.
Your +1 morningstar of freezing glows with a cold blue light!
b - a +1 morningstar of freezing (weapon)
You hear the faint crackling of a melting archway.
As you read the scroll of identify {@r1}, it crumbles to dust.
a - 2 potions of invisibility
As you read the scroll of identify {@r1}, it crumbles to dust.
d - 5 potions of heal wounds
There is a stone staircase leading down here.
Okay, then.
Your shield is strengthened by the Shining One's divine power.
Roll where?
Press: ? - help, Dir - move target, f - eight-headed hydra
Aim: an eight-headed hydra (haloed)
You roll forward with a clatter of scales!
You sock the eight-headed hydra!
The eight-headed hydra seems to slow down.
You freeze the eight-headed hydra. You tail-slap the eight-headed hydra!!
You block the eight-headed hydra's attack. x2
The eight-headed hydra bites you but does no damage.
The eight-headed hydra barely misses you.
The eight-headed hydra bites you but does no damage.
You block the eight-headed hydra's attack.
The eight-headed hydra bites you!
* * * LOW HITPOINT WARNING * * *
The eight-headed hydra bites you.
* * * LOW HITPOINT WARNING * * *
You hit the eight-headed hydra.
The eight-headed hydra seems to slow down.
You freeze the eight-headed hydra. You sock the eight-headed hydra!
The eight-headed hydra seems to slow down.
You freeze the eight-headed hydra.
The eight-headed hydra bites you but does no damage.
The eight-headed hydra bites you!
* * * LOW HITPOINT WARNING * * *
The eight-headed hydra bites you!
* * * LOW HITPOINT WARNING * * *
You block the eight-headed hydra's attack.
The eight-headed hydra barely misses you.
The eight-headed hydra closely misses you.
The eight-headed hydra bites you but does no damage.
The eight-headed hydra bites you!
* * * LOW HITPOINT WARNING * * *
You hit the eight-headed hydra. You freeze the eight-headed hydra.
You tail-slap the eight-headed hydra.
The eight-headed hydra bites you but does no damage.
The eight-headed hydra bites you!
* * * LOW HITPOINT WARNING * * *
You block the eight-headed hydra's attack.
The eight-headed hydra bites you!
You die...

Skill      XL: |  1  2  3  4  5  6  7  8  9 10 11 |
---------------+----------------------------------+-----
Maces & Flails | 3 5 6 |  6.4
Armour         | 3 4 5 |  5.0
Dodging        | 1 2 3 4 5 |  5.0
Spellcasting   | 1 2 3 5 |  5.0
Shields        | 3 4 5 |  5.0
Fighting       | 4 5 |  5.0
Axes           | 1 5 10 12 | 12.2

Action                   |  1- 3 |  4- 6 |  7- 9 | 10-12 || total
-------------------------+-------+-------+-------+-------++-------
Melee: Flail             |   103 |    97 |    59 |    17 ||   276
       Tailslap          |     8 |    14 |    38 |    38 ||    98
       Hand axe          |       |       |   185 |    51 ||   236
       Broad axe         |       |       |       |    51 ||    51
       War axe           |       |       |       |    80 ||    80
       Morningstar       |       |       |       |     4 ||     4
Invok: Divine Shield     |       |       |       |     1 ||     1
 Abil: Rolling Charge    |       |     5 |     6 |    13 ||    24
Evoke: Wand              |       |       |     6 |     7 ||    13
       Box of beasts     |       |       |       |     1 ||     1
  Use: Scroll            |     1 |     7 |     1 |    15 ||    24
       Potion            |       |     2 |       |       ||     2
Armor: Scale mail        |    56 |    40 |   129 |     1 ||   226
       Leather armour    |       |       |       |    65 ||    65
Dodge: Dodged            |    29 |    27 |   101 |    79 ||   236
       Repelled          |       |     1 |     1 |     3 ||     5
Block: Buckler           |    11 |       |       |       ||    11
       Kite shield       |    22 |    48 |   127 |    82 ||   279

Levels and vault maps discovered:
D:1:      lightli_arrival_boilingwater, layout_basic,
          shapermc_ecumenical_altar_venn, minmay_misc_feat_hallway
D:2:      layout_loops_ring, serial_shops, shop
D:3:      layout_loops_cross, zin_treasury, minmay_misc_feat_doors, fountainhead
D:4:      layout_rooms, uniq_natasha, uniq_menkaure, uniq_sigmund
D:5:      layout_loops_ring, minmay_temple_entry_gardened_gates, uniq_pikel
D:6:      layout_loops_ring, uniq_blork_the_orc
D:7:      layout_loops_corners, minmay_shattered_shrine
D:8:      layout_basic, nicolae_overflow_crystal_walls,
          mainiacjoe_overflow_alcove_4, uniq_joseph
D:9:      layout_roguey, gammafunk_temple_overflow_wave,
          minmay_lair_entry_grove, orc_0_dummy
Temple:   minmay_temple_curvy_branch
Lair:1:   layout_long_grid, nicolae_lair_liquid_snakes
Lair:2:   layout_loops_ring, gammafunk_ghost_hive,
          portal_ice_cave_entry_pillars_1, chequers_serial_rivers_micro_b,
          infiniplex_staircase_pool

Notes
Turn   | Place    | Note
-------+----------+-------------------------------------------
     0 | D:1      | MalarOregon the Palentonga Fighter began the quest for the
                  | Orb.
     0 | D:1      | Reached XP level 1. HP: 19/19 MP: 1/1
   342 | D:1      | Reached XP level 2. HP: 23/25 MP: 2/2
   371 | D:1      | Found a faded altar of an unknown god.
   920 | D:2      | Reached XP level 3. HP: 27/31 MP: 3/3
  1194 | D:2      | Found Zojeff's Book Boutique.
  2016 | D:3      | Found a glowing silver altar of Zin.
  2065 | D:3      | Reached XP level 4. HP: 34/37 MP: 2/4
  2405 | D:4      | Reached skill level 3 in Maces & Flails
  2418 | D:4      | Noticed Menkaure
  2428 | D:4      | Killed Menkaure
  2429 | D:4      | Reached skill level 3 in Armour
  2429 | D:4      | Reached skill level 1 in Dodging
  2429 | D:4      | Reached skill level 1 in Spellcasting
  2429 | D:4      | Reached XP level 5. HP: 15/44 MP: 1/6
  2429 | D:4      | Noticed Sigmund
  2457 | D:4      | Reached skill level 3 in Shields
  2464 | D:4      | Noticed Natasha
  2472 | D:4      | Killed Natasha
  2650 | D:4      | Noticed Natasha
  2653 | D:4      | Killed Natasha
  2654 | D:4      | Reached XP level 6. HP: 50/51 MP: 8/8
  2790 | D:4      | Noticed Natasha
  2799 | D:4      | Killed Natasha
  2799 | D:4      | HP: 12/51 [orc/+0 flail (6)]
  2804 | D:4      | Reached skill level 4 in Fighting
  2883 | D:5      | Entered Level 5 of the Dungeon
  3051 | D:5      | Reached skill level 4 in Maces & Flails
  3051 | D:5      | Found a staircase to the Ecumenical Temple.
  3062 | Temple   | Entered the Ecumenical Temple
  3312 | Temple   | Became a worshipper of the Shining One
  3354 | D:5      | Noticed Pikel
  3380 | D:5      | HP: 3/51 [Pikel/bolt of acid (31)]
  3785 | D:5      | You pick up a book of the Sky and begin reading...
  3785 | D:5      | You add the spells Summon Lightning Spire, Storm Form and
                  | Maxwell's Capacitive Coupling to your library.
  3855 | D:5      | HP: 12/51 [Pikel/+1 whip of flaming (6)]
  3857 | D:5      | Killed Pikel
  3858 | D:5      | Reached skill level 5 in Maces & Flails
  3858 | D:5      | Reached skill level 2 in Dodging
  3858 | D:5      | Reached skill level 2 in Spellcasting
  3858 | D:5      | Gained mutation: You curl defensively after being hit. (AC
                  | +7*) [Palentonga growth]
  3858 | D:5      | Reached XP level 7. HP: 12/58 MP: 3/10
  4136 | D:5      | You pick up a book of Necromancy and begin reading...
  4136 | D:5      | You add the spells Pain, Animate Skeleton and Vampiric
                  | Draining to your library.
  4367 | D:5      | Reached XP level 8. HP: 65/65 MP: 12/12
  4609 | D:4      | Killed Sigmund
  4610 | D:4      | Reached skill level 3 in Spellcasting
  4718 | D:4      | You pick up a book of Cantrips and begin reading...
  4718 | D:4      | You add the spells Summon Small Mammal and Apportation to
                  | your library.
  5173 | D:6      | Reached skill level 5 in Fighting
  5173 | D:6      | Reached skill level 4 in Armour
  5173 | D:6      | Reached skill level 4 in Shields
  5300 | D:6      | Reached * piety under the Shining One
  5364 | D:6      | Reached skill level 3 in Dodging
  5625 | D:6      | Reached skill level 6 in Maces & Flails
  5675 | D:6      | Noticed Blork the orc
  5688 | D:6      | Killed Blork the orc
  6239 | D:7      | Reached skill level 1 in Axes
  6359 | D:7      | Reached XP level 9. HP: 58/71 MP: 10/14
  6433 | D:7      | Reached skill level 2 in Axes
  6433 | D:7      | Reached skill level 4 in Spellcasting
  6571 | D:7      | Noticed a troll
  6580 | D:7      | Reached ** piety under the Shining One
  6590 | D:7      | HP: 14/72 [troll (5)]
  6591 | D:7      | Killed a troll
  6592 | D:7      | Reached skill level 3 in Axes
  7391 | D:7      | Noticed an unseen horror
  7405 | D:7      | Killed an unseen horror
  7406 | D:7      | Reached skill level 4 in Dodging
  7572 | D:8      | Reached skill level 5 in Armour
  7575 | D:8      | Reached skill level 4 in Axes
  7575 | D:8      | Reached skill level 5 in Shields
  7586 | D:8      | Noticed Joseph
  7598 | D:8      | HP: 11/72 [Joseph/+2 quarterstaff of pain (10)]
  7933 | D:8      | Reached skill level 5 in Axes
  8042 | D:8      | Reached skill level 5 in Spellcasting
  8081 | D:8      | Found a blossoming altar of Fedhas.
  8305 | D:8      | Reached XP level 10. HP: 62/79 MP: 14/17
  8530 | D:8      | Reached skill level 6 in Axes
  8530 | D:8      | Reached skill level 5 in Dodging
  8678 | D:8      | Killed Joseph
  9036 | D:8      | Found an opulent altar of Gozag.
  9356 | D:9      | Reached skill level 7 in Axes
  9433 | D:9      | HP: 19/79 [poisoned by a hornet]
  9715 | D:9      | You pick up a book of Ice and begin reading...
  9715 | D:9      | You add the spells Freezing Cloud, Simulacrum and Polar
                  | Vortex to your library.
  9849 | D:9      | Noticed a two-headed ogre
  9894 | D:9      | HP: 18/79 [poisoned by a water moccasin]
  9899 | D:9      | HP: 10/79 [poisoned by a water moccasin]
  9907 | D:8      | HP: 7/79 [water moccasin (2)]
 10279 | D:9      | Reached skill level 8 in Axes
 10442 | D:9      | Identified 2 scrolls of acquirement
 10442 | D:9      | Acquired 1066 gold pieces
 10478 | D:9      | Found a staircase to the Lair.
 10515 | D:9      | Reached skill level 9 in Axes
 10741 | D:9      | Found a staircase to the Orcish Mines.
 10886 | D:9      | a two-headed ogre changed into a redback
 10897 | D:9      | Reached skill level 10 in Axes
 11188 | D:9      | Found a bloodstained altar of Trog.
 11189 | D:9      | Found a snail-covered altar of Cheibriados.
 11497 | D:9      | Found a bloodstained altar of Trog.
 11498 | D:9      | Found a snail-covered altar of Cheibriados.
 11566 | D:9      | Found a staircase to the Lair.
 11578 | D:9      | Found a staircase to the Orcish Mines.
 11891 | Lair:1   | Entered Level 1 of the Lair of Beasts
 12097 | Lair:1   | Noticed a cane toad
 12101 | Lair:1   | Killed a cane toad
 12160 | Lair:1   | Noticed a cane toad
 12164 | Lair:1   | Killed a cane toad
 12165 | Lair:1   | Reached XP level 11. HP: 74/84 MP: 15/18
 12490 | Lair:1   | Found the +4 robe of Augmentation {Str+4 Int+4 Dex+4}
 12585 | Lair:1   | Reached skill level 11 in Axes
 12655 | Lair:1   | Reached *** piety under the Shining One
 13364 | Lair:2   | Found a frozen archway.
 13378 | Lair:2   | Reached skill level 12 in Axes
 13385 | Lair:2   | Noticed an eight-headed hydra
 13401 | Lair:2   | HP: 17/84 [eight-headed hydra (6)]
 13402 | Lair:2   | HP: 5/84 [eight-headed hydra (6)]
 13402 | Lair:2   | Slain by an eight-headed hydra

Vanquished Creatures
  Pikel (D:5)
  4 cane toads
  An unseen horror (D:7)
  A rime drake (Lair:2)
  A komodo dragon (Lair:1)
  A troll (D:7)
  A hornet (D:9)
  3 blink frogs (Lair:1)
  2 wraiths
  Sigmund (D:4)
  A vampire (D:7)
  8 yaks
  4 wyverns
  A redback (D:9)
  2 basilisks
  A steam dragon (D:8)
  Menkaure (D:4)
  An orc warrior (D:8)
  7 water moccasins
  3 black bears
  2 centaurs
  A necrophage (D:7)
  2 lemures (D:5)
  4 kobold brigands
  3 phantoms
  A wyvern zombie (D:7)
  Blork the orc (D:6)
  6 bullfrogs
  8 wights (D:8)
  5 howler monkeys
  3 electric eels (Lair:1)
  4 centaur zombies
  4 lava snakes (Lair:1)
  A bullfrog zombie (D:5)
  4 hounds
  A jelly (D:7)
  A bullfrog skeleton (D:6)
  2 centaur skeletons
  An iguana (D:7)
  Natasha (thrice) (D:4)
  2 orc wizards
  A scorpion zombie (D:5)
  A hound skeleton (D:4)
  2 howler monkey zombies
  3 gnolls (D:6)
  6 adders
  2 shadow imps (D:7)
  2 white imps (D:6)
  An ufetubus (D:5)
  An adder skeleton (D:4)
  2 worms
  15 orcs
  6 endoplasms
  4 giant cockroaches
  4 goblins
  8 hobgoblins
  4 jackals
  20 kobolds
  4 quokkas
  9 ball pythons
  2 bats
  2 frilled lizards
  2 rats
205 creatures vanquished.

Vanquished Creatures (collateral kills)
  Joseph (D:8)
1 creature vanquished.

Vanquished Creatures (others)
  A ball python (D:4)
  A bush (D:9)
  5 fungi
  22 plants
29 creatures vanquished.

Grand Total: 235 creatures vanquished

Table legend:
 A = Non-vault XP
 B = Vault XP
 C = Vault XP percentage of total XP
 D = Non-vault monster count
 E = Vault monster count
 F = Vault count percentage of total count
                 A         B        C        D         E       F
            +---------+---------+-------+---------+---------+-------
      Total |    9231 |    5821 |  38.7 |     167 |      37 |  18.1
            +---------+---------+-------+---------+---------+-------
        D:1 |      20 |       0 |   0.0 |      11 |       0 |   0.0
        D:2 |      34 |       0 |   0.0 |      12 |       0 |   0.0
        D:3 |      57 |       0 |   0.0 |      19 |       0 |   0.0
        D:4 |     220 |     412 |  65.2 |      24 |       3 |  11.1
        D:5 |     395 |     685 |  63.4 |      11 |       1 |   8.3
        D:6 |     548 |      91 |  14.2 |      17 |       1 |   5.6
        D:7 |     328 |    1438 |  81.4 |      11 |      11 |  50.0
        D:8 |    1836 |     600 |  24.6 |      32 |       2 |   5.9
        D:9 |    1001 |    2281 |  69.5 |       9 |      12 |  57.1
     Lair:1 |    2559 |     314 |  10.9 |      11 |       7 |  38.9
     Lair:2 |    2233 |       0 |   0.0 |      10 |       0 |   0.0
            +---------+---------+-------+---------+---------+-------

Illustrated notes

Table legend:
 A = Kills in this place as a percentage of kills in entire the game.
 B = Kills by you in this place as a percentage of kills by you in the entire game.
 C = Kills by friends in this place as a percentage of kills by friends in the entire game.
 D = Other kills in this place as a percentage of other kills in the entire game.
 E = Experience gained in this place as a percentage of experience gained in the entire game.
 F = Experience gained in this place divided by the number of levels of this place that you have seen.
                   A       B       C       D       E      F
               +-------+-------+-------+-------+-------+----------------------
         Total | 100.0 | 100.0 | 100.0 |   N/A | 100.0 | 1254.3
       Dungeon |  86.3 |  86.2 | 100.0 |   N/A |  66.1 | 1105.1
          Lair |  13.7 |  13.8 |   0.0 |   N/A |  33.9 | 2553.0
               +-------+-------+-------+-------+-------+----------------------

Table legend: (Time is in decaauts)
 A = Elapsed time spent in this place.
 B = Non-inter-level travel time spent in this place.
 C = Inter-level travel time spent in this place.
 D = Time resting spent in this place.
 E = Time spent auto-exploring this place.
 F = Levels seen in this place.
 G = Mean time per level.
                   A        B        C        D        E       F      G
               +--------+--------+--------+--------+--------+-----+--------+
         Total |  13554 |  13006 |    548 |   2933 |   8157 |  12 | 1129.5 |
       Dungeon |  11828 |  11332 |    496 |   2725 |   6925 |   9 | 1314.2 |
        Temple |    258 |    251 |      7 |      0 |    242 |   1 |  258.0 |
          Lair |   1466 |   1421 |     45 |    208 |    990 |   2 |  733.0 |
               +--------+--------+--------+--------+--------+-----+--------+

Top non-repeatable levels by time:
     D:9: 2244 daAuts
     D:8: 2162 daAuts
     D:7: 1516 daAuts
     D:5: 1501 daAuts
  Lair:1: 1403 daAuts
     D:2: 994 daAuts
     D:3: 949 daAuts
     D:6: 936 daAuts
     D:4: 809 daAuts
     D:1: 713 daAuts
  Temple: 258 daAuts
  Lair:2: 63 daAuts
